 Dungeon Crawl Stone Soup version 0.24.0-37-gcf1ca852f1 (webtiles) character file.

Game seed: 5279810117288686650, levelgen mode: deterministic

10435 grindst0ne the Fighter (level 11, -4/93 HPs)
             Began as a Mummy Gladiator on Nov 25, 2019.
             Was an Initiate of Gozag.
             Slain by a two-headed ogre
             ... wielding a +0 dire flail
              (9 damage)
             ... on level 11 of the Dungeon.
             The game lasted 00:22:45 (12005 turns).

grindst0ne the Fighter (Mummy Gladiator)           Turns: 12005, Time: 00:22:45

Health: -4/93      AC: 15    Str: 18    XL:     11   Next: 36%
Magic:  11/11      EV: 12    Int:  7    God:    Gozag
Gold:   260        SH:  0    Dex: 23    Spells: 10/10 levels left

rFire    + . .     SeeInvis .   B - +10 spear "Enwev" {vamp, rF+ Int-3 Dex+9 Stlth+}
rCold    + . .     Gourm    .   (no shield)
rNeg     + + +     Faith    .   n - +0 chain mail
rPois    ∞         Spirit   .   c - +0 helmet
rElec    .         Reflect  .   x - +0 cloak
rCorr    .         Harm     .   t - +0 pair of gloves
MR       +....                  (no boots)
Stlth    ..........             (no amulet)
HPRegen  0.25/turn              m - ring of fire
MPRegen  0.12/turn              i - ring of protection from cold

@: very slightly contaminated, slowed, very slow
A: no food or potions, fire vulnerability, cold resistance 1, negative energy
resistance 3, torment resistance, unbreathing
a: Potion Petition, Call Merchant, Bribe Branch, Renounce Religion


You were on level 11 of the Dungeon.
You worshipped Gozag.
Gozag was aware of your devotion.
You were not hungry.

You visited 2 branches of the dungeon, and saw 12 of its levels.

You collected 1789 gold pieces.
You paid 1529 gold pieces to Gozag.

Inventory:

Hand Weapons
 B - the +10 spear "Enwev" (weapon) {vamp, rF+ Int-3 Dex+9 Stlth+}
   (You found it on level 9 of the Dungeon)

   It inflicts no extra harm, but heals its wielder when it wounds a living foe.
   It affects your intelligence (-3).
   It affects your dexterity (+9).
   It protects you from fire.
   It makes you more stealthy.
Missiles
 b - 14 boomerangs (quivered)
Armour
 c - a +0 helmet (worn)
 n - a +0 chain mail (worn)
 t - a +0 pair of gloves (worn)
 u - a +0 plate armour
 x - a +0 cloak (worn)
Magical Staves
 v - an uncursed staff of energy
Jewellery
 i - a ring of protection from cold (right hand)
 m - a ring of fire (left hand)
Wands
 l - a wand of flame (16)
 A - a wand of random effects (16)
Scrolls
 d - 4 scrolls of immolation
 e - 4 scrolls of amnesia
 f - 2 scrolls of enchant armour
 g - a scroll of teleportation
 h - a scroll of enchant weapon
 j - a scroll of noise {unknown}
 k - 5 scrolls of fog
 o - 7 scrolls of remove curse
 p - a scroll of magic mapping {unknown}
 y - a scroll of identify
 z - a scroll of holy word {unknown}


   Skills:
 + Level 11.4 Fighting
   Level 5.0 Axes
 - Level 1.5 Throwing
 + Level 9.3 Armour
 + Level 6.3 Dodging


You had 10 spell levels left.
You didn't know any spells.
Your spell library was empty.

Dungeon Overview and Level Annotations

Branches:
Dungeon (11/15)            Temple (1/1) D:5            Lair (0/6) D:11
    Orc (0/2) D:9

Altars:
Dithmenos
Gozag
Kikubaaqudgha
Okawaru
Qazlal
Trog
Yredelemnul
The Shining One

Shops:
D:9 !   D:10 =

Portals:
Bazaar: D:11

Annotations:
D:5 3 runed translucent doors, TrebMcFLY's ghost, novice OpTm
D:10 exclusion: 3 downstairs
D:11 Fannar


Innate Abilities, Weirdness & Mutations

You do not eat or drink.
Your flesh is vulnerable to fire.
You are immune to poison.
Your flesh is cold resistant. (rC+)
You are immune to negative energy. (rN+++)
You are immune to unholy pain and torment.
You can survive without breathing.


Message History

Fannar hits you but does no damage. x2
You hit Fannar.
You feel better.
Fannar is heavily wounded.
Fannar hits you with a +0 quarterstaff of freezing.
* * * LOW HITPOINT WARNING * * *
Fannar freezes you.
* * * LOW HITPOINT WARNING * * *
The yak gores you but does no damage.
Blink to where?
Press: ? - help, Dir - move target cursor You are very lightly contaminated with residual magic.
As you read the scroll of blinking, it crumbles to dust.
The gargoyle hits you with a +0 mace!
* * * LOW HITPOINT WARNING * * *
Fannar murmurs some mystic words to themself.
The gargoyle hurls a stone arrow at you.
The stone arrow hits you but does no damage.
The two-headed ogre hits you with a +0 dire flail!
You die...
Your body crumbles into a pile of gold.

#.. ..#....... ..
....###.....#... ..
................ ..
............... ..
#............. ..
#............. ..
#...........%. ..
#......##... .. .
#.@.....#... .. ...
##YO9.....^..# #.
....#.........Y..#
..
....Y...........##
#.
.......e........#
..
.##......Y......!.
..
#...#..§..........
..
...................
...!......#####+#


You could see Fannar, a two-headed ogre, 4 yaks and a gargoyle.

Vanquished Creatures
  4 two-headed ogres
  A centaur skeleton (D:10)
  A gargoyle (D:11)
  A troll (D:9)
  Grinder (D:4)
  A hippogriff (D:9)
  Prince Ribbit (D:7)
  Sigmund (D:3)
  4 yaks (D:10)
  A vampire (D:9)
  A hungry ghost (D:8)
  A warg (D:9)
  A water moccasin (D:8)
  A hornet zombie (D:7)
  6 orc warriors
  An ice beast (D:5)
  2 black bears (D:9)
  2 sky beasts
  3 ogres
  4 necrophages
  5 centaurs
  5 bullfrogs
  A wyvern zombie (D:8)
  2 scorpions
  15 killer bees
  4 wights (D:10)
  2 howler monkeys
  5 crimson imps
  A bullfrog zombie (D:10)
  4 jellies
  2 centaur zombies (D:10)
  5 orc priests
  A gnoll shaman (D:10)
  2 bullfrog skeletons
  9 hounds
  13 orc wizards
  4 iguanas
  Terence (D:3)
  A worker ant (D:8)
  A killer bee zombie (D:6)
  A hound zombie (D:9)
  A hound skeleton (D:2)
  A mummy (D:10)
  A howler monkey zombie (D:5)
  2 worker ant zombies
  5 adders
  7 gnolls
  2 howler monkey skeletons
  A shadow imp (D:10)
  7 oozes
  An adder skeleton (D:6)
  3 worms (D:2)
  A dart slug (D:2)
  8 leopard geckos
  34 orcs
  6 bats
  4 giant cockroaches
  11 goblins
  3 hobgoblins
  15 jackals
  4 quokkas
  3 ball pythons
  5 frilled lizards
  6 kobolds
  A quokka skeleton (D:7)
  2 quokka zombies
  8 rats
264 creatures vanquished.

Notes
Turn   | Place    | Note
-------+----------+-------------------------------------------
     0 | D:1      | grindst0ne the Mummy Gladiator began the quest for the Orb.
     0 | D:1      | Reached XP level 1. HP: 16/16 MP: 1/1
   388 | D:1      | Reached XP level 2. HP: 17/22 MP: 2/2
   862 | D:1      | Reached XP level 3. HP: 28/28 MP: 3/3
  1046 | D:2      | Found a stormy altar of Qazlal.
  1085 | D:2      | Noticed an earth elemental
  1091 | D:2      | Noticed a water elemental
  1135 | D:2      | Noticed an air elemental
  1136 | D:2      | Noticed a fire elemental
  1202 | D:2      | Reached skill level 3 in Fighting
  1337 | D:2      | Reached XP level 4. HP: 35/35 MP: 4/4
  1345 | D:2      | Found an iron altar of Okawaru.
  1345 | D:2      | Found a bloodstained altar of Trog.
  1616 | D:3      | Noticed Terence
  1623 | D:3      | Killed Terence
  1852 | D:3      | Noticed Sigmund
  2056 | D:4      | Found a basalt altar of Yredelemnul.
  2059 | D:4      | Found an ancient bone altar of Kikubaaqudgha.
  2079 | D:4      | Reached skill level 1 in Armour
  2079 | D:4      | Reached XP level 5. HP: 25/41 MP: 5/5
  2418 | D:4      | Noticed Grinder
  2435 | D:4      | Killed Grinder
  2435 | D:4      | Reached skill level 4 in Fighting
  2435 | D:4      | Reached XP level 6. HP: 39/49 MP: 6/6
  3129 | D:3      | Reached XP level 7. HP: 47/55 MP: 7/7
  3301 | D:3      | Killed Sigmund
  3301 | D:3      | Reached skill level 5 in Fighting
  3531 | D:5      | Entered Level 5 of the Dungeon
  3585 | D:5      | Found a staircase to the Ecumenical Temple.
  3631 | D:5      | Got a twisted long sword
  3634 | D:5      | Identified the +2 long sword of Foceomus {venom, rPois rN+}
                  | (You found it on level 5 of the Dungeon)
  3639 | Temple   | Entered the Ecumenical Temple
  3652 | Temple   | Became a worshipper of Gozag Ym Sagoz the Greedy
  3835 | D:5      | Found a runed translucent gate.
  3836 | D:5      | Found a runed translucent gate.
  3836 | D:5      | Found a runed translucent gate.
  3863 | D:5      | Noticed TrebMcFLY's ghost (novice OpTm)
  4182 | D:5      | Reached skill level 5 in Axes
  4196 | D:5      | Reached XP level 8. HP: 55/64 MP: 8/8
  4574 | D:6      | Reached skill level 6 in Fighting
  5475 | D:6      | Reached skill level 5 in Armour
  5742 | D:6      | Reached skill level 7 in Fighting
  6036 | D:7      | Found a shadowy altar of Dithmenos.
  6056 | D:7      | Noticed Prince Ribbit
  6068 | D:7      | Killed Prince Ribbit
  6364 | D:7      | Reached XP level 9. HP: 19/74 MP: 9/9
  6757 | D:7      | Reached skill level 8 in Fighting
  7233 | D:7      | Reached skill level 9 in Fighting
  8160 | D:9      | Found a staircase to the Orcish Mines.
  8401 | D:9      | Found Cetal's Distillery.
  8793 | D:10     | Entered Level 10 of the Dungeon
  8814 | D:9      | Reached XP level 10. HP: 69/84 MP: 10/10
  9150 | D:8      | Found a glowing golden altar of the Shining One.
  9649 | D:9      | Reached skill level 10 in Fighting
 10183 | D:9      | Got a translucent spear
 10184 | D:9      | Identified the +10 spear "Enwev" {vamp, rF+ Int-3 Dex+9
                  | Stlth+} (You found it on level 9 of the Dungeon)
 10588 | D:10     | Noticed a two-headed ogre
 10600 | D:10     | Killed a two-headed ogre
 10600 | D:10     | Reached skill level 5 in Dodging
 10693 | D:10     | Found Piywyv's Jewellery Shop.
 11434 | D:11     | Noticed a two-headed ogre
 11439 | D:11     | Found a staircase to the Lair.
 11452 | D:10     | Killed a two-headed ogre
 11452 | D:10     | Reached skill level 11 in Fighting
 11452 | D:10     | Reached XP level 11. HP: 56/93 MP: 11/11
 11612 | D:11     | Found a gateway to a bazaar.
 11612 | D:11     | Noticed a two-headed ogre
 11616 | D:11     | Noticed Fannar
 11631 | D:10     | Killed a two-headed ogre
 11847 | D:11     | Noticed a two-headed ogre
 11958 | D:11     | Noticed a two-headed ogre
 11971 | D:11     | Killed a two-headed ogre
 12004 | D:11     | HP: 4/93 [gargoyle/+0 mace (7)]
 12005 | D:11     | Slain by a two-headed ogre

Levels and vault maps discovered:
D:1:      erik_arrival_gehennom, layout_basic, chequers_serial_rivers_room_b
D:2:      wander_river, layout_basic, nicolae_qazlal_style_of_elements,
          gammafunk_temple_overflow_statue, first_ration, grunt_decor_one_mirror
D:3:      layout_basic, chequers_serial_rivers_micro_a,
          kennysheep_generic_room_7, uniq_sigmund, uniq_terence
D:4:      layout_rooms, overflow_temple_1_default, kennysheep_mini_moat,
          grunt_ministairs_11, minmay_strange_pillars, uniq_grinder
D:5:      layout_basic, minmay_temple_entry_waves, gammafunk_ghost_necromancy,
          serial_park_tiny_2
D:6:      layout_loops_cross, minivault_22
D:7:      layout_rooms, lemuel_doored_altar, uniq_prince_ribbit1
D:8:      layout_cave_pools, nicolae_tso_swordbearing_angel
D:9:      layout_roguey, minmay_orc_entry_guard_dogs, serial_co_window_serial,
          co_window_paths_a, co_window_paths_b, co_window_paths_a,
          co_window_paths_b, co_window_paths_a, co_window_paths_b,
          co_window_broadway_a, co_window_corner_b, co_window_of_opportunity_b,
          co_window_corner_b, co_window_sun, co_window_4corner_b,
          glass_columns_a, glass_columns_a, glass_columns_b, serial_shops,
          nicolae_shop_crystal
D:10:     layout_cave_pods, serial_shops, shop_statue, serial_undead,
          serial_undead_a, serial_undead_f, serial_undead_b, serial_undead_d,
          serial_undead_d, serial_undead_d
D:11:     layout_cave_pools, lair_entry_dummy, serial_shops, bzr_in_the_mist,
          basic_altar, grunt_livestock, uniq_fannar
Temple:   regret_index_temple_generic_petals

Skill      XL: |  1  2  3  4  5  6  7  8  9 10 11 |
---------------+----------------------------------+-----
Dodging        | 3 5 6 |  6.3
Fighting       | 3 4 5 7 9 11 | 11.4
Axes           | 3 4 5 |  5.0
Armour         | 1 2 4 5 7 8 9 |  9.3
Throwing       | |  1.5

Action                   |  1- 3 |  4- 6 |  7- 9 | 10-12 || total
-------------------------+-------+-------+-------+-------++-------
Melee: War axe           |   112 |   147 |    34 |       ||   293
       Long sword        |       |       |   349 |    74 ||   423
       Spear             |       |       |       |   312 ||   312
Throw: Throwing net      |       |     4 |     3 |     2 ||     9
       Boomerang         |       |       |     7 |       ||     7
Invok: Potion Petition   |       |       |     3 |     1 ||     4
Evoke: Wand              |       |       |       |    10 ||    10
  Use: Scroll            |       |     5 |     8 |     4 ||    17
 Stab: Held in net/web   |       |     1 |       |     1 ||     2
       Invisible         |       |       |       |     6 ||     6
       Distracted        |       |       |       |     2 ||     2
Armor: Leather armour    |    20 |       |       |       ||    20
       Ring mail         |    31 |    56 |    65 |       ||   152
       Chain mail        |       |       |   203 |   275 ||   478
Dodge: Dodged            |   102 |    90 |   274 |   281 ||   747
       Rpst.: Long sword |       |       |    69 |    11 ||    80
